 Dungeon Crawl Stone Soup version 0.28-a0-1190-g77e1c55843 (webtiles) character file.

Game seed: 9172913203950307239

482 ReploidZero the Ogre Mage (level 7, -3/59 HPs)
             Began as an Ogre Conjurer on Dec 19, 2021.
             Killed by divine providence
             ... invoked by an orc priest
              (12 damage)
             ... on level 3 of the Dungeon.
             The game lasted 00:13:10 (4583 turns).

ReploidZero the Ogre Mage (Ogre Conjurer)           Turns: 4583, Time: 00:13:11

Health: -3/59      AC:  6    Str: 12    XL:     7   Next: 12%
Magic:  9/15       EV:  9    Int: 21    God:
Gold:   180        SH:  5    Dex:  7    Spells: 3/17 levels left

rFire   . . .      SeeInvis .   g - +1 flail (drain)
rCold   . . .      Faith    .   (no shield)
rNeg    . . .      Spirit   .   m - +1 troll leather armour {Pargi}
rPois   .          Reflect  +   (helmet restricted)
rElec   .          Harm     .   (no cloak)
rCorr   .          Rampage  .   (gloves unavailable)
Will    .....                   (boots unavailable)
Stlth   +.........              e - amulet of reflection
HPRegen 0.99/turn               (no ring)
MPRegen 0.14/turn               (no ring)

@: brilliant, slowed, very slow
A: large, unfitting armour, tough skin 1
a: no special abilities


You were on level 3 of the Dungeon.
You visited 1 branch of the dungeon, and saw 4 of its levels.

You collected 180 gold pieces.

Inventory:

Hand Weapons
 g - a +1 flail of draining (weapon)
Armour
 a - a +1 robe
 m - a +1 troll leather armour (worn) {Pargi}
Jewellery
 e - an amulet of reflection (around neck)
Wands
 d - a wand of iceblast (15)
Scrolls
 b - a scroll of enchant armour
 c - a scroll of identify
 i - a scroll of enchant weapon
Potions
 k - a potion of might {unknown}
 n - a potion of lignification {unknown}
 o - a potion of haste {unknown}


   Skills:
 - Level 1.7 Dodging
 - Level 1.4 Stealth
 + Level 5.8 Spellcasting
 + Level 5.8 Conjurations
 + Level 0.5 Hexes
 + Level 0.6 Translocations
 + Level 0.6 Air Magic


You had 3 spell levels left.
You knew the following spells:

 Your Spells              Type           Power      Damage    Failure   Level
a - Magic Dart            Conj           100%       1d8       1%          1
b - Searing Ray           Conj           90%        2d7       1%          2
c - Fulminant Prism       Conj/Hex       14%        3d9       34%         4
d - Iskenderun's Mystic   Conj/Tloc      29%        2d7       32%         4
e - Mephitic Cloud        Conj/Pois/Air  22%        N/A       16%         3

Your spell library contained the following spells:

 Spells                   Type           Power      Damage    Failure   Level
 Dazzling Flash           Conj/Hex       58%        N/A       11%         3
 Beastly Appendage        Tmut           18%        N/A       13%         1
 Call Imp                 Summ           9%         N/A       19%         2
 Wereblood                Tmut           9%         N/A       19%         2
 Portal Projectile        Hex/Tloc       24%        N/A       30%         3
 Spider Form              Tmut/Pois      9%         N/A       36%         3
 Blade Hands              Tmut           4%         N/A       98%         5
 Excruciating Wounds      Necr           4%         N/A       98%         5


Dungeon Overview and Level Annotations

Branches:
Dungeon (4/15)
 Temple: D:4-7

Altars:
Hepliaklqana
Makhleb
Okawaru


Innate Abilities, Weirdness & Mutations

You are too large for most types of armour.
You have tough skin. (AC +1)


Message History

As you read the scroll labelled TOUTOK FAEB, it crumbles to dust.
You hear a loud clanging noise!
It was a scroll of noise.
You feel very sick. The orc priest barely misses you.
The scorpion closely misses you. The orc priest hits you with a +0 whip.
* * * LOW HITPOINT WARNING * * *
Your magical contamination has completely faded away.
Unknown command.
You feel better. The scorpion stings you. You block the orc priest's attack.
The scorpion stings you.
* * * LOW HITPOINT WARNING * * *
You feel clever all of a sudden. You block the scorpion's attack.
The orc priest hits you with a +0 whip.
* * * LOW HITPOINT WARNING * * *
The scorpion barely misses you. The orc priest hits you with a +0 whip.
* * * LOW HITPOINT WARNING * * *
Casting: Fulminant Prism (quite dangerous; 34% risk of failure)
Confirm with . or Enter, or press ? or * to list all spells.
Okay, then.
Casting: Fulminant Prism (quite dangerous; 34% risk of failure)
Confirm with . or Enter, or press ? or * to list all spells.
The spell is quite dangerous to miscast (32% risk of failure)!
Continue anyway?
You feel a surge of power!
You erupt in a blast of force!
The mystic blast hits the orc.
The orc is heavily wounded.
The orc is knocked back by the mystic blast.
The mystic blast hits the scorpion!
The scorpion is heavily wounded.
The scorpion is knocked back by the mystic blast.
The scorpion collides with the orc!
You kill the orc!
The scorpion is heavily wounded.
The mystic blast hits the orc priest.
The orc priest is severely wounded.
The orc priest is knocked back by the mystic blast.
The orc priest slams into the rock wall!
The orc priest invokes the aid of Beogh against you.
Beogh smites you!
You die...

..).)...##########.#.# #..#.....
...>....'....# #.#.# #..######
...#....####.# #.#.####..# #
...#....# #.#####.#.......# #
...#....# #.#...........#.# #
...#....# #.#.###.#####.#.# #
...#....# #.#.#o......#.#.# #
##.#....# #.#.#.#.###.#.#.# #
#.#....# #.#.#@#.........# #
##.#########.#.#s#####.#.########
.........)...#.#.# #...........
##.....#######.#)#######.########
#####.# #.#.........#
#.#######.###########
#.......#...........#
#######.###########.# #.# #.#


You could see a scorpion and an orc priest.

Vanquished Creatures
  Pargi (D:3)
  An ogre (D:3)
  A jelly (D:2)
  A gnoll shaman (D:4)
  Natasha (thrice) (D:2)
  8 gnolls
  2 adders
  2 worms
  2 orcs (D:3)
  8 endoplasms
  3 giant cockroaches
  11 goblins
  2 hobgoblins
  3 jackals (D:3)
  4 quokkas
  4 ball pythons
  6 bats
  A frilled lizard (D:1)
  6 kobolds
  3 rats
  A spectral goblin (D:3)
73 creatures vanquished.

Notes
Turn   | Place    | Note
-------+----------+-------------------------------------------
     0 | D:1      | ReploidZero the Ogre Conjurer began the quest for the Orb.
     0 | D:1      | Reached XP level 1. HP: 16/16 MP: 3/3
   319 | D:1      | Reached XP level 2. HP: 24/24 MP: 0/5
   537 | D:1      | Learned a level 2 spell: Searing Ray
  1166 | D:2      | Noticed Natasha
  1177 | D:2      | Killed Natasha
  1178 | D:2      | Reached XP level 3. HP: 3/31 MP: 0/8
  1462 | D:2      | Found a faded altar of an unknown god.
  1736 | D:2      | Reached XP level 4. HP: 39/39 MP: 5/9
  1757 | D:2      | Noticed Natasha
  1761 | D:2      | Killed Natasha
  2108 | D:2      | Noticed Natasha
  2110 | D:2      | Reached XP level 5. HP: 21/45 MP: 2/11
  2114 | D:2      | Killed Natasha
  2115 | D:2      | Reached skill level 5 in Conjurations
  2610 | D:3      | Noticed an ogre
  2633 | D:3      | Killed an ogre
  2634 | D:3      | Reached skill level 5 in Spellcasting
  2634 | D:3      | Reached XP level 6. HP: 43/53 MP: 7/13
  3148 | D:3      | Noticed Pargi
  3155 | D:3      | Killed Pargi
  3172 | D:3      | Learned a level 4 spell: Fulminant Prism
  3177 | D:3      | Learned a level 4 spell: Iskenderun's Mystic Blast
  3181 | D:3      | Learned a level 3 spell: Mephitic Cloud
  3283 | D:3      | Found an iron altar of Okawaru.
  3851 | D:3      | Found a hazy altar of Hepliaklqana.
  4146 | D:4      | Found a burning altar of Makhleb.
  4209 | D:4      | Reached XP level 7. HP: 59/59 MP: 2/15
  4583 | D:3      | Killed from afar by an orc priest

Illustrated notes

Levels and vault maps discovered:
D:1:      minmay_arrival_hallway, layout_loops_ring, serial_bayou_ford_a,
          grunt_decor_cap
D:2:      layout_basic, nicolae_ecumenical_oubliette, uniq_natasha
D:3:      layout_basic, okawaru_altar_gauntlet_db,
          nicolae_hepliaklqana_monster_ancestors, kennysheep_donut,
          grunt_decor_fettered, uniq_pargi
D:4:      layout_cave_pools, mainiacjoe_overflow_boulevard

Skill      XL: |  1  2  3  4  5 |
---------------+----------------+-----
Spellcasting   | 3 4 5 |  5.8
Conjurations   | 4 5 |  5.8
Dodging        | |  1.7
Stealth        | |  1.4
Hexes          | |  0.5
Translocations | |  0.6
Air Magic      | |  0.6

Action                   |  1- 3 |  4- 6 |  7- 9 || total
-------------------------+-------+-------+-------++-------
Melee: Unarmed           |     9 |       |       ||     9
 Cast: Magic Dart        |    52 |    60 |    12 ||   124
       Searing Ray       |       |     8 |     1 ||     9
       Iskenderun's Myst |       |     1 |     1 ||     2
  Use: Potion            |     2 |     1 |     3 ||     6
       Scroll            |       |     7 |     1 ||     8
Armor: Robe              |     4 |     5 |       ||     9
       Troll leather arm |       |     1 |     2 ||     3
Dodge: Dodged            |     7 |     5 |    12 ||    24
Block: Other             |       |     2 |     5 ||     7

Table legend: (Time is in decaauts)
 A = Elapsed time spent in this place.
 B = Non-inter-level travel time spent in this place.
 C = Inter-level travel time spent in this place.
 D = Time resting spent in this place.
 E = Time spent auto-exploring this place.
 F = Levels seen in this place.
 G = Mean time per level.
                   A        B        C        D        E       F      G
               +--------+--------+--------+--------+--------+-----+--------+
         Total |   4606 |   4450 |    156 |      0 |   4012 |   4 | 1151.5 |
       Dungeon |   4606 |   4450 |    156 |      0 |   4012 |   4 | 1151.5 |
               +--------+--------+--------+--------+--------+-----+--------+

Top non-repeatable levels by time:
     D:3: 1792 daAuts
     D:2: 1559 daAuts
     D:1: 1015 daAuts
     D:4: 239 daAuts
